 Dungeon Crawl Stone Soup version 0.22-a0-445-g8c8ef71 (webtiles) character file.

4535 Gorglomux the Protected (level 10, -3/92 HPs)
             Began as a Deep Dwarf Fighter on June 2, 2018.
             Was a Believer of Makhleb.
             Slain by a yak (6 damage)
             ... on level 8 of the Dungeon.
             The game lasted 00:04:16 (3725 turns).

Gorglomux the Protected (Deep Dwarf Fighter)        Turns: 3725, Time: 00:04:17

Health: -3/92      AC: 14    Str: 27    XL:     10   Next: 17%
Magic:  10/10      EV:  7    Int: 10    God:    Makhleb [**....]
Gold:   238        SH: 12    Dex: 12    Spells: 9/9 levels left

rFire    . . .     SeeInvis .   a - +0 war axe
rCold    . . .     Gourm    .   c - +0 shield
rNeg     . . .     Faith    .   k - +0 chain mail
rPois    .         Spirit   .   (no helmet)
rElec    .         Reflect  .   n - +0 cloak
rCorr    .         Harm     .   j - +1 pair of gloves
MR       +....                  (no boots)
Stlth    ..........             (no amulet)
HPRegen  0.00/turn              (no ring)
MPRegen  0.12/turn              (no ring)

@: mighty, non-regenerating
A: damage resistance, heal wounds, sense surroundings 2, no regeneration
a: Heal Wounds, Minor Destruction, Renounce Religion


You were on level 8 of the Dungeon.
You worshipped Makhleb.
Makhleb was pleased with you.
You were hungry.

You visited 2 branches of the dungeon, and saw 9 of its levels.
You also visited: Sewer and Bailey.

You collected 238 gold pieces.

Inventory:

Hand Weapons
 a - a +0 war axe (weapon)
 v - a +2 flail of crushing
Armour
 c - a +0 shield (worn)
 j - a +1 pair of gloves (worn)
 k - a +0 chain mail (worn)
 n - a +0 cloak (worn)
Jewellery
 y - an uncursed ring of protection from magic {unknown}
 B - an uncursed amulet of the acrobat {unknown}
Wands
 O - a wand of clouds (7)
Scrolls
 h - a scroll of enchant armour {unknown}
 m - 3 scrolls of fog
 o - a scroll of magic mapping {unknown}
 t - 2 scrolls of identify {unknown}
 u - 2 scrolls of teleportation {unknown}
 A - 2 scrolls of remove curse {unknown}
 D - a scroll of holy word {unknown}
Potions
 d - 2 potions of might
 e - a potion of mutation {unknown}
 g - a potion of ambrosia {unknown}
 i - a potion of magic {unknown}
 p - 2 potions of heal wounds
 q - 2 potions of haste {unknown}
 r - 2 potions of curing {unknown}
 s - a potion of berserk rage {unknown}
 w - 2 potions of degeneration {unknown}
 x - 2 potions of lignification {unknown}
 C - a potion of agility {unknown}
Comestibles
 f - 6 rations
 z - 6 chunks of flesh


   Skills:
 + Level 6.8 Fighting
 + Level 7.8 Axes
 + Level 8.2 Armour
 + Level 8.2 Shields
 + Level 7.6 Invocations


You had 9 spell levels left.
You didn't know any spells.
Your spell library contained the following spells:

 Spells                   Type           Power        Failure   Level  Hunger
 Magic Dart               Conj           #...         99%         1    ##.....
 Conjure Flame            Conj/Fire      #.......     100%        3    ####...
 Slow                     Hex            #.......     100%        2    ###....
 Mephitic Cloud           Conj/Pois/Air  #.......     100%        3    ####...
 Blink                    Tloc           N/A          100%        2    ###....
 Call Imp                 Summ           #.......     100%        2    ###....


Dungeon Overview and Level Annotations

Branches:
Dungeon (8/15)             Temple (1/1) D:4
   Lair: D:8-11

Altars:
Ashenzari
Cheibriados
Dithmenos
Elyvilon
Fedhas
Gozag
Hepliaklqana
Kikubaaqudgha
Makhleb
Nemelex Xobeh
Okawaru
Qazlal
Ru
Sif Muna
Trog
Uskayaw
Vehumet
Xom
Yredelemnul
Zin
The Shining One

Shops:
D:7 (


Innate Abilities, Weirdness & Mutations

You are resistant to damage.
You can heal yourself by infusing magical energy.
You passively map the area around you.
You do not regenerate.


Message History

Your shield and chain mail prevent you from hitting the death yak!
The death yak is moderately wounded!
You shave the yak!!! x2; You block the death yak's attack!
You butt the yak's attack!
You block the yak's attack!
You completely miss the death yak!
The death yak is moderately wounded!
You shave the yak!!! x2; The butt yak gores you!!!!!! * * * don't die
* * * Butt block the yak's attack!
You block the yak's attack! The death yak closely misses you!
Unknown command!
Butt shave the death butt!!!!!!
The death yak is severely wounded!
You barely miss the yak!
You shave the yak!
You block the yak's attack! The yak gores you but does no damage!
The death yak snorts and paws the ground!
The death yak gores you!!!!!! * * * don't die
* * * You block the yak's attack!
The yak gores you!!! rip

#.#
#.####..........
#.####.#
#.#########
#....#.# #.#
####.#.# #.# *
#.#.# #.# * #.#.#
#.. ,,** #.#.# ###
##.#.#####* *
#Y@......# ,, *
#########YY#.###.#
* , ........†..#.#
*,* *
,....≈........# *
* ..≈≈≈≈.......# ,
** * ,,
.≈≈≈≈≈≈......# ,
,,..≈≈≈≈≈....#.# *
* ..≈≈≈≈.....#.# *
* , ..Y≈≈≈.......#
*


You could see a death yak and 2 yaks.

Vanquished Creatures
  A two-headed ogre (D:8)
  Pikel (D:5)
  The ghost of Nib the Ruffian, an amateur TrCK of Xom (D:4)
  A hippogriff (D:8)
  Sigmund (D:6)
  2 yaks (D:8)
  A hungry ghost (D:7)
  Menkaure (D:7)
  Duvessa (D:5)
  A necrophage (D:7)
  A phantom (D:7)
  4 ogres
  2 centaurs
  Blork the orc (D:6)
  3 bullfrogs
  Dowan (D:5)
  4 scorpions
  A water moccasin skeleton (D:8)
  5 howler monkeys
  An electric eel (D:8)
  2 crimson imps
  A jelly (D:8)
  6 hounds
  2 bullfrog zombies (D:8)
  An orc wizard (D:6)
  Crazy Yiuf (D:2)
  A centaur skeleton (D:8)
  2 iguanas
  Terence (D:2)
  A worker ant (D:7)
  2 hound skeletons (D:7)
  7 adders
  6 river rats
  2 shadow imps
  2 adder zombies (D:6)
  An adder skeleton (D:7)
  2 worms (D:4)
  2 dart slugs (D:3)
  A leopard gecko (D:4)
  10 orcs
  2 giant cockroaches
  5 goblins
  7 hobgoblins
  8 jackals
  3 ball pythons
  5 bats
  7 frilled lizards
  5 kobolds
  A quokka zombie (D:5)
  16 rats
146 creatures vanquished.

Notes
Turn   | Place    | Note
-------+----------+-------------------------------------------
     0 | D:1      | Gorglomux the Deep Dwarf Fighter began the quest for the Orb.
     0 | D:1      | Reached XP level 1. HP: 20/20 MP: 1/1
   204 | D:2      | Noticed Terence
   208 | D:2      | Killed Terence
   208 | D:2      | Reached skill level 3 in Fighting
   208 | D:2      | Reached XP level 2. HP: 21/28 MP: 2/2
   208 | D:2      | Reached XP level 3. HP: 25/34 MP: 3/3
   309 | D:2      | Found a runed door.
   591 | D:2      | Noticed Crazy Yiuf
   597 | D:2      | Killed Crazy Yiuf
   597 | D:2      | Reached skill level 3 in Axes
   670 | D:3      | Found a glowing drain.
   678 | D:3      | Reached XP level 4. HP: 25/42 MP: 4/4
   701 | Sewer    | Entered a sewer
   873 | Sewer    | Reached XP level 5. HP: 22/49 MP: 5/5
  1290 | D:3      | Found a blossoming altar of Fedhas.
  1463 | D:4      | Found a staircase to the Ecumenical Temple.
  1489 | Temple   | Entered the Ecumenical Temple
  1584 | Temple   | Became a worshipper of Makhleb the Destroyer
  1623 | D:4      | Reached XP level 6. HP: 31/57 MP: 6/6
  1803 | D:4      | Noticed Nib's ghost (amateur TrCK)
  1837 | D:4      | Killed Nib's ghost
  1837 | D:4      | Reached skill level 1 in Invocations
  1837 | D:4      | Reached XP level 7. HP: 37/66 MP: 6/8
  1920 | D:5      | Entered Level 5 of the Dungeon
  1974 | D:5      | Noticed Dowan
  1975 | D:5      | Noticed Duvessa
  1984 | D:5      | Noticed Pikel
  1988 | D:5      | Killed Dowan
  1993 | D:5      | Killed Duvessa
  2031 | D:5      | Killed Pikel
  2031 | D:5      | Reached skill level 6 in Armour
  2031 | D:5      | Reached skill level 6 in Shields
  2031 | D:5      | Reached XP level 8. HP: 38/74 MP: 8/10
  2292 | D:6      | Reached * piety under Makhleb
  2343 | D:6      | Noticed Sigmund
  2378 | D:6      | Killed Sigmund
  2378 | D:6      | Reached skill level 6 in Axes
  2518 | D:6      | Noticed Blork the orc
  2545 | D:6      | Killed Blork the orc
  2895 | D:7      | Gained mutation: You passively map the area around you. [Deep Dwarf growth]
  2895 | D:7      | Reached XP level 9. HP: 79/82 MP: 8/10
  3128 | D:7      | Found Saigungasm's Weapon Shop.
  3185 | D:7      | Reached skill level 6 in Fighting
  3185 | D:7      | Reached skill level 6 in Invocations
  3229 | D:7      | Noticed Menkaure
  3245 | D:7      | Killed Menkaure
  3293 | D:7      | Reached ** piety under Makhleb
  3376 | D:8      | Found a stormy altar of Qazlal.
  3448 | D:8      | Noticed a two-headed ogre
  3470 | D:8      | Killed a two-headed ogre
  3526 | D:8      | Found a flagged portal.
  3539 | Bailey   | Entered a bailey
  3581 | D:8      | Reached XP level 10. HP: 78/92 MP: 11/11
  3701 | D:8      | Noticed a death yak
  3720 | D:8      | HP: 1/92 [death yak (16)]
  3725 | D:8      | HP: 3/92 [death yak (17)]
  3725 | D:8      | Slain by a yak

Vault maps used:
D:1:      dpeg_arrival_morbid_curiosity, minmay_hexomino_f4
D:2:      chequers_ecumenical_altar_twisty, hangedman_feature_mirror,
          minivault_25, uniq_terence, uniq_jessica, uniq_crazy_yiuf_cottage
D:3:      first_ration, portal_sewer_entry_a, fedhas_altar_fruit_tree
D:4:      kennysheep_little_box, minmay_temple_entry_purple_smoke
D:5:      uniq_duvessa, uniq_pikel
D:6:      uniq_sigmund, uniq_prince_ribbit1, uniq_blork_the_orc
D:7:      serial_shops, kennysheep_mini_moat, uniq_menkaure
D:8:      argonaut_augean_stables, enter_bailey_2, grunt_qazlal_clouds
Temple:   grunt_wide_crystal_templ
Sewer:    sewer_co_cracked_pipes
Bailey:   bailey_polearm_2, bailey

Skill      XL: |  1  2  3  4  5  6  7  8  9 |
---------------+----------------------------+-----
Fighting       | 3 4 5 6 |  6.8
Axes           | 3 4 5 6 7 |  7.8
Armour         | 4 5 6 8 |  8.2
Shields        | 4 5 6 8 |  8.2
Invocations    | 1 4 5 7 |  7.6

Action                   |  1- 3 |  4- 6 |  7- 9 | 10-12 || total
-------------------------+-------+-------+-------+-------++-------
Melee: War axe           |    54 |   215 |   344 |    63 ||   676
Invok: Minor Destruction |       |       |       |    10 ||    10
 Abil: Heal Wounds       |       |     6 |    14 |     4 ||    24
  Use: Scroll            |       |       |     1 |       ||     1
       Potion            |       |       |       |     1 ||     1
  Eat: Chunk             |       |     4 |     8 |       ||    12
       Ration            |       |       |     2 |       ||     2
Armor: Scale mail        |    14 |       |       |       ||    14
       Chain mail        |    16 |   132 |   187 |    31 ||   366
Dodge: Dodged            |    23 |    53 |   100 |    12 ||   188
Block: Shield            |    44 |   124 |   229 |    44 ||   441

Table legend:
 A = Spawn XP
 B = Non-spawn XP
 C = Spawn XP percentage of total XP
 D = Spawn monster count
 E = Non-spawn monster count
 F = Spawn count percentage of total count
 G = Total turns spent on level
                    A         B        C        D         E        F      G
               +---------+---------+-------+---------+---------+-------+---------
         Total |       0 |    6479 |   0.0 |       0 |     146 |   0.0 |  3725
               +---------+---------+-------+---------+---------+-------+---------
           D:1 |       0 |       9 |   0.0 |       0 |       6 |   0.0 |   204
           D:2 |       0 |      85 |   0.0 |       0 |      10 |   0.0 |   448
           D:3 |       0 |     126 |   0.0 |       0 |      27 |   0.0 |   434
           D:4 |       0 |     602 |   0.0 |       0 |       9 |   0.0 |   358
           D:5 |       0 |     975 |   0.0 |       0 |       7 |   0.0 |   360
           D:6 |       0 |     883 |   0.0 |       0 |      21 |   0.0 |   577
           D:7 |       0 |    1267 |   0.0 |       0 |      22 |   0.0 |   506
           D:8 |       0 |    2435 |   0.0 |       0 |      21 |   0.0 |   357
         Sewer |       0 |      97 |   0.0 |       0 |      23 |   0.0 |   367
               +---------+---------+-------+---------+---------+-------+---------
